 Dungeon Crawl Stone Soup version 0.30-a0-738-g116ff8c4af (webtiles) character file.

Game seed: 18351981627642541704

61 FlurksSlurper the Slasher (level 3, -2/28 HPs)
             Began as a Demonspawn Gladiator on Feb 3, 2023.
             Slain by a gnoll
             ... wielding a +0 flail
              (4 damage)
             ... on level 2 of the Dungeon.
             The game lasted 00:04:03 (1347 turns).

FlurksSlurper the Slasher (Demonspawn Gladiator)    Turns: 1347, Time: 00:04:04

Health: -2/28      AC:  7    Str: 14 (16) XL:     3   Next: 83%
Magic:  3/3        EV: 11    Int:  7 (9)  God:
Gold:   53         SH:  0    Dex: 11 (14) Spells: 2/2 levels left

rFire   . . .      SeeInvis .    a - +1 long sword
rCold   . . .      Faith    .    (no shield)
rNeg    . . .      Spirit   .    j - +0 ring mail
rPois   .          Reflect  .    c - +0 helmet
rElec   .          Harm     .    (no cloak)
rCorr   .          Rampage  .    (no gloves)
Will    .....                    (no boots)
Stlth   +                        (no amulet)
HPRegen 0.24/turn                (no ring)
MPRegen 0.08/turn                (no ring)

@: no status effects
A: powered by death 1, sharp scales 1
a: no special abilities


You were on level 2 of the Dungeon.
You visited 1 branch of the dungeon, and saw 2 of its levels.

You collected 53 gold pieces.

Inventory:

Hand Weapons
 a - a +1 long sword (weapon)
 l - a +0 long sword
Missiles
 d - 3 throwing nets (quivered)
 e - a javelin
Armour
 c - a +0 helmet (worn)
 j - a +0 ring mail (worn)
Jewellery
 p - a ring of protection from cold
Scrolls
 k - a scroll of torment {unknown}
 q - a scroll of teleportation {unknown}
Potions
 b - a potion of magic
 f - a potion of flight {unknown}
 g - a potion of degeneration
 h - a potion of lignification {unknown}
 m - 2 potions of resistance {unknown}
 n - 2 potions of curing {unknown}
 o - a potion of attraction {unknown}


   Skills:
 + Level 2.6 Fighting
 + Level 3.3 Long Blades
 + Level 1.8 Throwing
 + Level 1.2 Armour
 + Level 3.1 Dodging


You had 2 spell levels left.
You didn't know any spells.
Your spell library contained the following spells:

 Spells                   Type           Power      Damage    Failure   Level
 Dazzling Flash           Conj/Hex       0%         N/A       96%         3
 Agony                    Necr           0%         N/A       100%        5
 Silence                  Hex/Air        0%         N/A       100%        5


Dungeon Overview and Level Annotations

Branches:
Dungeon (2/15)

Altars:


Innate Abilities, Weirdness & Mutations

You regenerate a little health from kills.
You are partially covered in razor-sharp scales. (AC +1, Slay +1)


Message History

You miss the adder. The adder bites you but does no damage.
The adder bites you.
You hit the adder.
The adder is moderately wounded.
The adder bites you but does no damage.
You slash the adder!
You kill the adder!
A worm comes into view.
You slash the worm!
The worm is severely wounded.
The worm bites you.
You hit the worm.
You kill the worm!
HP restored.
A gnoll comes into view. It is wielding a +0 flail.
The gnoll shouts!
The gnoll hits you with a +0 flail!
A gnoll comes into view. It is wielding a +0 spear.
You barely miss the gnoll.
The gnoll shouts!
The gnoll hits you but does no damage.
You closely miss the gnoll. The gnoll hits you with a +0 flail.
The gnoll attacks as you move away! The gnoll closely misses you.
The gnoll attacks as you move away! The gnoll misses you.
It was a potion of magic.
Magic courses through your body. The gnoll hits you with a +0 flail.
The gnoll hits you but does no damage.
It was a potion of degeneration.
There was something very wrong with that liquid.
You feel weakened.
You feel dopey.
You feel clumsy. The gnoll hits you with a +0 flail.
The gnoll hits you but does no damage.
As you read the scroll labelled FAMOOB ICWUFF, it crumbles to dust.
It is a scroll of enchant weapon.
Your +0 long sword glows red for a moment.
The gnoll hits you with a +0 flail.
* * * LOW HITPOINT WARNING * * *
The gnoll hits you from afar with a +0 spear.
* * * LOW HITPOINT WARNING * * *
Okay, then.
The gnoll attacks as you move away! The gnoll hits you with a +0 flail.
You die...

#..#....#######...#~.
#.......+.........#~.
....#....##........#~.
. #.##...........#~.
#.####.........#~. #.#
#.........#~~ #g#
##........### #g#
#.........# #@#
#.........# #.#
#.........# #.#
#.........# #.#
#.........# #.#
########..# ... ##.#
... #.## ... #... #...


You could see 2 gnolls.

Vanquished Creatures
  2 gnolls (D:1)
  An adder (D:2)
  A worm (D:2)
  2 dart slugs
  3 endoplasms (D:1)
  A giant cockroach (D:2)
  3 goblins (D:1)
  2 hobgoblins (D:2)
  A quokka (D:1)
  2 ball pythons (D:1)
  3 bats
  2 frilled lizards (D:1)
  2 kobolds (D:1)
  4 rats
29 creatures vanquished.

Notes
Turn   | Place    | Note
-------+----------+-------------------------------------------
     0 | D:1      | FlurksSlurper the Demonspawn Gladiator began the quest for
                  | the Orb.
     0 | D:1      | Reached XP level 1. HP: 16/16 MP: 1/1
   276 | D:1      | Gained mutation: You are partially covered in razor-sharp
                  | scales. (AC +1, Slay +1) [demonic ancestry]
   276 | D:1      | Reached XP level 2. HP: 19/22 MP: 2/2
   571 | D:1      | Gained mutation: You regenerate a little health from kills.
                  | [demonic ancestry]
   571 | D:1      | Reached XP level 3. HP: 27/27 MP: 3/3
   620 | D:1      | Reached skill level 1 in Armour
  1347 | D:2      | Slain by a gnoll

Illustrated notes

Levels and vault maps discovered:
D:1:      giann_horns, layout_basic
D:2:      layout_basic, serial_shops, nicolae_square_shop, dk_vineyard_1,
          minmay_ruptured

Skill      XL: |  1  2  3 |
---------------+----------+-----
Dodging        | 3 |  3.1
Long Blades    | 3 |  3.3
Armour         | 1 |  1.2
Fighting       | |  2.6
Throwing       | |  1.8

Action                     || total
---------------------------++-------
  Melee: Long sword        ||    79
         Punch             ||     2
    Use: Potion            ||     2
         Scroll            ||     1
 Armour: Leather armour    ||     7
         Ring mail         ||    27
  Dodge: Dodged            ||    37

Table legend: (Time is in decaauts)
 A = Elapsed time spent in this place.
 B = Non-inter-level travel time spent in this place.
 C = Inter-level travel time spent in this place.
 D = Time resting spent in this place.
 E = Time spent auto-exploring this place.
 F = Levels seen in this place.
 G = Mean time per level.
                   A        B        C        D        E       F      G
               +--------+--------+--------+--------+--------+-----+--------+
         Total |   1367 |   1337 |     30 |     26 |   1025 |   2 |  683.5 |
       Dungeon |   1367 |   1337 |     30 |     26 |   1025 |   2 |  683.5 |
               +--------+--------+--------+--------+--------+-----+--------+

Top non-repeatable levels by time:
     D:1: 700 daAuts
     D:2: 667 daAuts
